[Event "ICC tourney 2394 (75 10)"]
[Site "Internet Chess Club"]
[Date "2021.02.21"]
[Round "4"]
[White "aryasaravanan"]
[Black "amka03"]
[Result "1-0"]
[ICCResult "Black checkmated"]
[WhiteElo "1214"]
[BlackElo "1023"]
[Opening "Sicilian: Boleslavsky variation, 7.Nb3"]
[ECO "B59"]
[NIC "SI.25"]
[Time "11:02:01"]
[PlyCount "151"]
[TimeControl "4500+10"]

1. e4 c5 2. Nf3 Nc6 3. d4 cxd4 4. Nxd4 Nf6 5. Nc3 d6 6. Be2 e5 7. Nb3 Be6
8. Be3 Be7 9. f3 d5 10. exd5 Nxd5 11. Nxd5 Qxd5 12. Qxd5 Bxd5 13. c4 Be6
14. Nc5 Bxc5 15. Bxc5 Nd4 16. Bxd4 exd4 17. Rd1 Rd8 18. Kf2 O-O 19. Rd2 Rd6
20. Rhd1 Rfd8 21. b3 b6 22. f4 f5 23. h3 g6 24. g4 h6 25. Kg3 Kg7 26. Kh4
Bf7 27. gxf5 gxf5 28. Bh5 Bxh5 29. Kxh5 Kh7 30. Rd3 a6 31. R1d2 R8d7 32.
Re2 Rf6 33. Re5 Kg7 34. Rd5 Rfd6 35. R3xd4 Rxd5 36. Rxd5 Re7 37. Rd6 Re3
38. Rg6+ Kh7 39. Rxh6+ Kg7 40. Rxb6 Rxh3+ 41. Kg5 Rh2 42. Rxa6 Kf7 43. Kxf5
Rh5+ 44. Ke4 Rh3 45. c5 Rc3 46. Kd4 Rc2 47. Ra4 Rf2 48. Rc4 Rxf4+ 49. Kc3
Rf3+ 50. Kb4 Rh3 51. c6 Rh8 52. c7 Rc8 53. a4 Ke7 54. Kb5 Kd6 55. Kb6 Kd7
56. Rd4+ Ke7 57. Rd8 Rxd8 58. cxd8=Q+ Kxd8 59. Kb7 Kd7 60. a5 Kd6 61. a6
Kd7 62. a7 Kd6 63. a8=Q Kd7 64. Qa5 Kd6 65. Qc3 Ke6 66. Ka6 Kd5 67. b4 Ke4
68. b5 Kf4 69. b6 Ke4 70. b7 Kd5 71. b8=Q Ke4 72. Qbb4+ Kd5 73. Qcc5+ Ke6
74. Qbb6+ Kf7 75. Qcc7+ Ke8 76. Qbb8# { Black checkmated } 1-0

[Event "ICC tourney 2394 (75 10)"]
[Site "Internet Chess Club"]
[Date "2021.02.21"]
[Round "4"]
[White "itg"]
[Black "oxdidi"]
[Result "0-1"]
[ICCResult "White checkmated"]
[WhiteElo "881"]
[BlackElo "993"]
[Opening "Giuoco Pianissimo: Italian four knights variation"]
[ECO "C50"]
[NIC "IG.02"]
[Time "11:02:45"]
[PlyCount "136"]
[TimeControl "4500+10"]

1. e4 e5 2. Nf3 Nc6 3. Bc4 Bc5 4. Nc3 Nf6 5. d3 h6 6. Be3 Bb6 7. O-O d6 8.
Qd2 Bg4 9. Kh1 Bxf3 10. gxf3 Qd7 11. Rg1 Rg8 12. Nd5 Nxd5 13. exd5 Ne7 14.
d4 Qf5 15. Rg3 exd4 16. Bxd4 Bxd4 17. Qxd4 Qxc2 18. Bd3 Qc5 19. Qxc5 dxc5
20. Bh7 Rh8 21. Rxg7 Kf8 22. Rag1 Rd8 23. Be4 Nxd5 24. Rh7 Rxh7 25. Bxh7
Nf6 26. Be4 Nxe4 27. fxe4 Rd2 28. Rc1 Rxf2 29. Rxc5 Rxb2 30. Rxc7 Rxa2 31.
Rxb7 a5 32. Rb6 Kg7 33. Kg1 a4 34. Ra6 a3 35. Kf1 Ra1+ 36. Ke2 a2 37. Kd2
Rh1 38. Kc2 a1=Q 39. Rxa1 Rxa1 40. Kb2 Re1 41. Kc3 Rxe4 42. Kd3 Re8 43. Kd4
f6 44. Kd5 f5 45. Kd6 f4 46. Kd7 Kf7 47. Kc7 f3 48. Kb7 f2 49. Kc7 f1=B 50.
Kd7 h5 51. h4 Re4 52. Kd6 Rxh4 53. Ke5 Rg4 54. Kf5 Rg8 55. Kf4 h4 56. Kf3
h3 57. Kf2 h2 58. Kxf1 h1=Q+ 59. Kf2 Qg1+ 60. Kf3 Kg7 61. Kf4 Kh7 62. Kf5
Qf1+ 63. Ke6 Re8+ 64. Kd7 Re2 65. Kd6 Qd1+ 66. Kc5 Rc2+ 67. Kb4 Qb1+ 68.
Ka3 Ra2# { White checkmated } 0-1

[Event "ICC tourney 2394 (75 10)"]
[Site "Internet Chess Club"]
[Date "2021.02.21"]
[Round "4"]
[White "BotanicalKnight"]
[Black "SGOLD9367"]
[Result "1/2-1/2"]
[ICCResult "Game drawn by mutual agreement"]
[WhiteElo "1386"]
[BlackElo "1173"]
[Opening "French: Labourdonnais variation"]
[ECO "C00"]
[NIC "FR.01"]
[Time "11:02:09"]
[PlyCount "77"]
[TimeControl "4500+10"]

1. e4 e6 2. f4 c5 3. Nc3 d6 4. Nf3 Nc6 5. g3 b6 6. d3 Be7 7. Bg2 Bb7 8. O-O
Qd7 9. Bd2 Nf6 10. a3 O-O 11. h3 Rac8 12. g4 Nd4 13. Rc1 Nxf3+ 14. Bxf3 h6
15. Qe1 Nh7 16. Qg3 Kh8 17. h4 Rg8 18. Kf2 f6 19. g5 fxg5 20. hxg5 Rcf8 21.
Ke2 Qd8 22. gxh6 gxh6 23. Qh3 Rf6 24. Rg1 Rfg6 25. Rxg6 Rxg6 26. Rh1 Bf8
27. f5 exf5 28. Qxf5 Rf6 29. Qh3 Bc8 30. Qh5 Be6 31. Nd5 Bxd5 32. exd5 Qe7+
33. Kd1 Bg7 34. Re1 Qf7 35. Re8+ Nf8 36. Qxf7 Rxf7 37. Be4 Kg8 38. b3 Rb7
39. Bf5 { Game drawn by mutual agreement } 1/2-1/2

[Event "ICC tourney 2394 (75 10)"]
[Site "Internet Chess Club"]
[Date "2021.02.21"]
[Round "4"]
[White "VirginiaGuy"]
[Black "DevajVadher"]
[Result "0-1"]
[ICCResult "White resigns"]
[WhiteElo "1200"]
[BlackElo "913"]
[Opening "Queen's pawn game, Chigorin variation"]
[ECO "D02"]
[NIC "QP.08"]
[Time "11:02:10"]
[PlyCount "76"]
[TimeControl "4500+10"]

1. d4 d5 2. Nf3 Nc6 3. Bf4 Bf5 4. c3 Nf6 5. h3 e6 6. Qb3 Rb8 7. e3 Bd6 8.
Ne5 a6 9. Nd2 O-O 10. Be2 Ne4 11. Nxe4 Bxe4 12. O-O f6 13. Nd3 Na5 14. Qd1
Bxd3 15. Bxd3 e5 16. Bh2 e4 17. Be2 Bxh2+ 18. Kxh2 Qd6+ 19. Kg1 b5 20. Qc2
f5 21. Qc1 Rf7 22. Bh5 Rf6 23. Be2 Rbf8 24. Rb1 f4 25. exf4 Rxf4 26. Qe3
Nc4 27. Bxc4 bxc4 28. Rbe1 R8f6 29. Re2 Rg6 30. Kh1 Rh4 31. Rg1 Qe6 32.
Ree1 Rgh6 33. Kh2 Qd6+ 34. Kh1 Qd7 35. Kh2 Qf5 36. Ref1 g5 37. Rh1 g4 38.
Kg1 gxh3 { White resigns } 0-1

[Event "ICC tourney 2394 (75 10)"]
[Site "Internet Chess Club"]
[Date "2021.02.21"]
[Round "4"]
[White "OliverHsiao"]
[Black "iszerencsy"]
[Result "1-0"]
[ICCResult "Black checkmated"]
[WhiteElo "1232"]
[BlackElo "1371"]
[Opening "Sicilian defense"]
[ECO "B30"]
[NIC "SI.31"]
[Time "11:01:58"]
[PlyCount "163"]
[TimeControl "4500+10"]

1. e4 c5 2. Nf3 Nc6 3. Bc4 e6 4. O-O d5 5. exd5 exd5 6. Bb5 Be7 7. d4 Nf6
8. Bf4 O-O 9. Re1 Bg4 10. Bxc6 bxc6 11. c3 Ne4 12. h3 Bf5 13. Nbd2 Bd6 14.
Ne5 Qh4 15. Nxe4 Bxe4 16. Bg3 Qf6 17. Nd7 Qe7 18. Nxf8 Bxg3 19. fxg3 Rxf8
20. dxc5 Qxc5+ 21. Qd4 Qb5 22. Qb4 Qd3 23. Rad1 Qxg3 24. Re2 Qg6 25. Rde1
h6 26. c4 f5 27. cxd5 cxd5 28. Qe7 Rf7 29. Qe8+ Kh7 30. Qb8 f4 31. Qe8 Bf5
32. Kh1 f3 33. Rf2 Be4 34. gxf3 Qh5 35. Rxe4 dxe4 36. Qxe4+ g6 37. Qg4 Qe5
38. Rg2 Rg7 39. f4 Qe4 40. f5 Qc6 41. fxg6+ Kh8 42. Qf4 Qe8 43. Qxh6+ Kg8
44. Qf4 Re7 45. Rf2 Re4 46. Qf7+ Qxf7 47. Rxf7 Ra4 48. a3 a5 49. Kg2 Rd4
50. Kf3 Rd3+ 51. Kg4 Rd6 52. Kg5 Rd5+ 53. Rf5 Rd8 54. h4 Kh8 55. h5 Rg8 56.
h6 a4 57. h7 Rxg6+ 58. Kh5 Rh6+ 59. Kg4 Kxh7 60. Rh5 Rxh5 61. Kxh5 Kg7 62.
Kg5 Kf7 63. Kf5 Ke7 64. Ke5 Kd7 65. Kd5 Kc7 66. Kc5 Kb7 67. Kb5 Ka8 68.
Kxa4 Ka7 69. Kb5 Ka8 70. b4 Ka7 71. a4 Ka8 72. a5 Ka7 73. a6 Ka8 74. Kc6
Ka7 75. b5 Ka8 76. b6 Kb8 77. a7+ Ka8 78. b7+ Kxa7 79. Kc7 Ka6 80. b8=Q Ka5
81. Qb3 Ka6 82. Qb6# { Black checkmated } 1-0

[Event "ICC tourney 2394 (75 10)"]
[Site "Internet Chess Club"]
[Date "2021.02.21"]
[Round "4"]
[White "pkcl"]
[Black "ruthvikal"]
[Result "1/2-1/2"]
[ICCResult "Game drawn by mutual agreement"]
[WhiteElo "1284"]
[BlackElo "397"]
[Opening "Giuoco Piano"]
[ECO "C50"]
[NIC "IG.02"]
[Time "11:02:45"]
[PlyCount "125"]
[TimeControl "4500+10"]

1. e4 e5 2. Nf3 Nc6 3. Bc4 Bc5 4. O-O Nf6 5. Nc3 O-O 6. d3 h6 7. Be3 Bb6 8.
h3 d6 9. Re1 Bxe3 10. Rxe3 Nd4 11. Re1 Nxf3+ 12. Qxf3 Be6 13. Bb3 c6 14.
Rad1 d5 15. exd5 cxd5 16. Rxe5 Nd7 17. Ree1 d4 18. Nb1 Nc5 19. Nd2 Rc8 20.
Rc1 Qb6 21. Qd1 Nxb3 22. axb3 Rc5 23. Ne4 Rc6 24. Qf3 f5 25. Nd2 Rf6 26.
Nc4 Qc7 27. Qe2 Qf4 28. Qe5 Qxe5 29. Nxe5 Rc8 30. Ra1 Rxc2 31. Rxa7 Rxb2
32. Rxb7 Rxb3 33. Rxb3 Bxb3 34. Nf3 Rd6 35. Rc1 Kf7 36. Nd2 Bd5 37. Nc4 Re6
38. Kf1 Kf6 39. g3 g5 40. Nd2 Rc6 41. Rxc6+ Bxc6 42. Nb3 Ke5 43. Nc1 h5 44.
Ne2 f4 45. gxf4+ gxf4 46. Nc1 Bf3 47. Ne2 Bc6 48. Ng1 f3 49. Ke1 Kf4 50.
Kd2 h4 51. Kc2 Bb5 52. Kd2 Bc6 53. Kc2 Ke5 54. Kd2 Kf4 55. Kd1 Ke5 56. Kc2
Ba4+ 57. Kc1 Bc6 58. Kd1 Ba4+ 59. Kd2 Bc6 60. Kc2 Ba4+ 61. Kc1 Bc6 62. Kd2
Kf4 63. Ke1 { Game drawn by mutual agreement } 1/2-1/2

[Event "ICC tourney 2394 (75 10)"]
[Site "Internet Chess Club"]
[Date "2021.02.21"]
[Round "5"]
[White "vsmurthy"]
[Black "ggmurthy"]
[Result "0-1"]
[ICCResult "White checkmated"]
[WhiteElo "204"]
[BlackElo "564"]
[Opening "Robatsch defense"]
[ECO "B06"]
[NIC "KF.05"]
[Time "14:32:31"]
[PlyCount "44"]
[TimeControl "4500+10"]

1. e4 g6 2. d4 Bg7 3. Nc3 Nf6 4. b3 d5 5. e5 Ne4 6. Nxe4 dxe4 7. f3 Nc6 8.
fxe4 Nxd4 9. Nf3 Nxf3+ 10. gxf3 Qxd1+ 11. Kxd1 Bxe5 12. f4 Bxa1 13. e5 O-O
14. Rg1 Rd8+ 15. Bd2 Bc3 16. Rg2 Bh3 17. Rf2 Bxf1 18. Rxf1 Rxd2+ 19. Kc1
Rxh2 20. Rd1 Rh3 21. Rd7 Kf8 22. Rxc7 Rh1# { White checkmated } 0-1

[Event "ICC tourney 2394 (75 10)"]
[Site "Internet Chess Club"]
[Date "2021.02.21"]
[Round "5"]
[White "kstao17"]
[Black "ChessMaster346"]
[Result "1-0"]
[ICCResult "Black checkmated"]
[WhiteElo "721"]
[BlackElo "1016"]
[Opening "Giuoco Piano"]
[ECO "C50"]
[NIC "IG.02"]
[Time "14:32:32"]
[PlyCount "61"]
[TimeControl "4500+10"]

1. e4 e5 2. Nf3 Nc6 3. Bc4 Bc5 4. O-O h6 5. c3 Nf6 6. b4 Bb6 7. d3 O-O 8.
Qe2 d6 9. Be3 Bxe3 10. Qxe3 Bg4 11. h3 Bxf3 12. Qxf3 d5 13. exd5 Nxd5 14.
Bxd5 Re8 15. Bxc6 bxc6 16. Qxc6 Qxd3 17. Qxc7 Qf5 18. Nd2 Rac8 19. Qxa7
Rxc3 20. Rfc1 Rxc1+ 21. Rxc1 Rc8 22. Rxc8+ Qxc8 23. Qc5 Qe6 24. b5 f6 25.
b6 Qxa2 26. b7 Qxd2 27. b8=Q+ Kh7 28. Qb1+ g6 29. Qb7+ Kg8 30. Qcc8+ Qd8
31. Qxd8# { Black checkmated } 1-0

[Event "ICC tourney 2394 (75 10)"]
[Site "Internet Chess Club"]
[Date "2021.02.21"]
[Round "5"]
[White "iszerencsy"]
[Black "Maximusiv"]
[Result "1-0"]
[ICCResult "Black resigns"]
[WhiteElo "1371"]
[BlackElo "932"]
[Opening "Scandinavian (center counter) defense"]
[ECO "B01"]
[NIC "VO.17"]
[Time "14:32:32"]
[PlyCount "23"]
[TimeControl "4500+10"]

1. e4 d5 2. Nc3 d4 3. Nce2 e5 4. d3 Bg4 5. h3 Bh5 6. g4 Bg6 7. Nf3 Nc6 8.
a3 h6 9. h4 Be7 10. Bg2 Qd7 11. Ng3 Qxg4 12. Bh3 { Black resigns } 1-0

[Event "ICC tourney 2394 (75 10)"]
[Site "Internet Chess Club"]
[Date "2021.02.21"]
[Round "5"]
[White "grandmasted"]
[Black "drquinzel"]
[Result "1-0"]
[ICCResult "Black checkmated"]
[WhiteElo "827"]
[BlackElo "704"]
[Opening "Queen's gambit declined"]
[ECO "D30"]
[NIC "QP.08"]
[Time "14:32:35"]
[PlyCount "91"]
[TimeControl "4500+10"]

1. d4 d5 2. c4 e6 3. Nf3 b6 4. a3 Nf6 5. Nc3 c5 6. e3 cxd4 7. exd4 Bd6 8.
Bd3 O-O 9. Bg5 Ba6 10. cxd5 Bxd3 11. Qxd3 Nbd7 12. dxe6 fxe6 13. O-O h6 14.
Bxf6 Nxf6 15. d5 Nxd5 16. Nxd5 exd5 17. Qxd5+ Kh8 18. Rad1 Qf6 19. Qxd6
Qxd6 20. Rxd6 Rab8 21. Ne5 Rf5 22. Ng6+ Kh7 23. Re1 Rc8 24. h3 Rg5 25. Ne5
Re8 26. Rd5 a5 27. f4 Rf5 28. Rf1 g5 29. Rd7+ Kg8 30. g3 Ref8 31. Ng6 R8f6
32. Ne7+ Kf8 33. Nxf5 Rxf5 34. fxg5 Rxf1+ 35. Kxf1 hxg5 36. Ke2 Ke8 37. Rb7
g4 38. h4 Kf8 39. h5 Kg8 40. h6 Kh8 41. Ke3 b5 42. Kf4 a4 43. Kg5 b4 44.
Kg6 bxa3 45. h7 axb2 46. Rb8# { Black checkmated } 1-0

[Event "ICC tourney 2394 (75 10)"]
[Site "Internet Chess Club"]
[Date "2021.02.21"]
[Round "5"]
[White "VN10"]
[Black "VirginiaGuy"]
[Result "1-0"]
[ICCResult "Black checkmated"]
[WhiteElo "1046"]
[BlackElo "1200"]
[Opening "Scotch: Steinitz variation"]
[ECO "C45"]
[NIC "SO.04"]
[Time "14:32:35"]
[PlyCount "49"]
[TimeControl "4500+10"]

1. e4 e5 2. Nf3 Nc6 3. d4 exd4 4. Nxd4 Qh4 5. Nc3 Bb4 6. Qd3 Ne5 7. Qe2 Nf6
8. Bd2 Bxc3 9. Bxc3 Qxe4 10. Qxe4 Nxe4 11. Nb5 Nxc3 12. Nxc7+ Kd8 13. Nxa8
Nb5 14. Bxb5 Re8 15. O-O-O b6 16. Nxb6 axb6 17. Rhe1 Ng4 18. Rxe8+ Kxe8 19.
f3 Nf6 20. Rd6 Ke7 21. Rxb6 d6 22. Rb8 Bf5 23. g4 Bg6 24. g5 Nd5 25. Re8# {
Black checkmated } 1-0

[Event "ICC tourney 2394 (75 10)"]
[Site "Internet Chess Club"]
[Date "2021.02.21"]
[Round "5"]
[White "nikhilramkumar"]
[Black "alexanderllanos"]
[Result "0-1"]
[ICCResult "White resigns"]
[WhiteElo "583"]
[BlackElo "1240"]
[Opening "Caro-Kann defense"]
[ECO "B11"]
[NIC "CK.01"]
[Time "14:33:24"]
[PlyCount "78"]
[TimeControl "4500+10"]

1. e4 c6 2. Nc3 d5 3. exd5 cxd5 4. d4 Bf5 5. Nf3 e6 6. Bb5+ Nc6 7. Bf4 a6
8. Bxc6+ bxc6 9. Ne5 c5 10. dxc5 Bxc5 11. Nf3 Qb6 12. Na4 Qa5+ 13. Nc3 Qb6
14. O-O Be7 15. Be5 Nf6 16. Qd4 Qxd4 17. Nxd4 O-O 18. Nxf5 exf5 19. Rfe1
Ne4 20. f3 Bc5+ 21. Kh1 Nf2+ 22. Kg1 Nd3+ 23. Kf1 Nxe1 24. Rxe1 d4 25. Ne2
f6 26. Bxd4 Bxd4 27. Nxd4 g6 28. Re7 Rf7 29. Re3 h5 30. Kf2 f4 31. Re2 h4
32. Ne6 g5 33. g3 hxg3+ 34. hxg3 fxg3+ 35. Kxg3 Re8 36. Nd4 Rxe2 37. Nxe2
Rd7 38. Kf2 Rd2 39. Ke3 Rxc2 { White resigns } 0-1

[Event "ICC tourney 2394 (75 10)"]
[Site "Internet Chess Club"]
[Date "2021.02.21"]
[Round "5"]
[White "evelynhuang"]
[Black "Shashank8"]
[Result "1-0"]
[ICCResult "Black resigns"]
[WhiteElo "772"]
[BlackElo "495"]
[Opening "Caro-Kann: exchange variation"]
[ECO "B13"]
[NIC "CK.02"]
[Time "14:33:05"]
[PlyCount "93"]
[TimeControl "4500+10"]

1. e4 c6 2. d4 d5 3. exd5 cxd5 4. Nc3 Nf6 5. Nf3 Bf5 6. Bb5+ Nc6 7. O-O a6
8. Bxc6+ bxc6 9. Bf4 h6 10. Re1 e6 11. Ne5 Bd6 12. Nxc6 Qb6 13. Bxd6 Qxc6
14. Be5 Ke7 15. Qf3 Rhg8 16. Bxf6+ gxf6 17. Qxf5 Rg5 18. Qf3 Rag8 19. Qh3
h5 20. g3 Rh8 21. Kh1 Rg4 22. Rad1 f5 23. Qg2 h4 24. Nxd5+ Kd6 25. Ne3
Qxg2+ 26. Kxg2 Rg6 27. Nc4+ Kd5 28. Ne5 Rg7 29. c4+ Kd6 30. Rd3 hxg3 31.
fxg3 Rgh7 32. Nf3 Rg8 33. Ra3 f4 34. Rxa6+ Kc7 35. d5 fxg3 36. hxg3 Rhg7
37. Kf2 Rxg3 38. dxe6 fxe6 39. Rexe6 Rg2+ 40. Ke3 Kd7 41. Ne5+ Kc7 42. Rab6
R8g3+ 43. Nf3 Rc2 44. Rec6+ Kd7 45. Kf4 Rgg2 46. Ne5+ Ke7 47. Rb7+ { Black
resigns } 1-0

[Event "ICC tourney 2394 (75 10)"]
[Site "Internet Chess Club"]
[Date "2021.02.21"]
[Round "5"]
[White "oxdidi"]
[Black "Ldon22"]
[Result "0-1"]
[ICCResult "White resigns"]
[WhiteElo "993"]
[BlackElo "988"]
[Opening "Van't Kruijs opening"]
[ECO "A00"]
[Time "14:32:43"]
[PlyCount "118"]
[TimeControl "4500+10"]

1. e3 e5 2. e4 Nf6 3. Nc3 Bb4 4. a3 Bxc3 5. dxc3 Nc6 6. Bc4 O-O 7. Qe2 d6
8. Bg5 h6 9. Bh4 g5 10. Bg3 Bg4 11. Qe3 Ne7 12. h3 Bh5 13. Nf3 Bg6 14. h4
g4 15. Nh2 h5 16. O-O-O Nxe4 17. Bxe5 Qc8 18. Bf4 Qf5 19. Bd3 Nd5 20. Bxe4
Qxe4 21. Qxe4 Bxe4 22. Bh6 Rfe8 23. f3 gxf3 24. gxf3 Bxf3 25. Nxf3 Nf6 26.
Rhg1+ Kh7 27. Bg7 Ng4 28. Bd4 c5 29. Ng5+ Kg6 30. Bxc5 dxc5 31. Rd6+ Kg7
32. Rd7 Kg6 33. Rxf7 b6 34. Rd1 Rad8 35. Rxd8 Rxd8 36. Rxa7 Ne3 37. b3 Ng2
38. Nf3 Rf8 39. Ne5+ Kf5 40. Nd7 Rf7 41. Rb7 Ke6 42. Rxb6+ Kxd7 43. Rh6 Nf4
44. b4 cxb4 45. cxb4 Rf5 46. Kb2 Ng2 47. a4 Nxh4 48. b5 Kc7 49. b6+ Kb7 50.
Kb3 Nf3 51. c4 Nd4+ 52. Kb4 Nc6+ 53. Rxc6 Kxc6 54. a5 h4 55. c5 Rxc5 56. b7
Rb5+ 57. Ka4 Rxb7 58. a6 Ra7 59. Ka5 h3 { White resigns } 0-1

[Event "ICC tourney 2394 (75 10)"]
[Site "Internet Chess Club"]
[Date "2021.02.21"]
[Round "5"]
[White "oecooke"]
[Black "BlackBeltJ"]
[Result "0-1"]
[ICCResult "White checkmated"]
[WhiteElo "1022"]
[BlackElo "1180"]
[Opening "Scandinavian defense"]
[ECO "B01"]
[NIC "SD.03"]
[Time "14:32:45"]
[PlyCount "60"]
[TimeControl "4500+10"]

1. e4 d5 2. exd5 Nf6 3. Bc4 Nxd5 4. Nf3 e6 5. O-O Be7 6. b3 Bf6 7. d4 O-O
8. Ne5 Nd7 9. Ba3 Re8 10. Bd3 Nxe5 11. dxe5 Bxe5 12. Qh5 Bd6 13. Qxh7+ Kf8
14. Bb2 Qg5 15. g3 Nf6 16. Qh3 Ke7 17. Re1 Bd7 18. Bf5 Rh8 19. Bxf6+ Qxf6
20. Bh7 Qxa1 21. c3 Qxa2 22. Qh4+ f6 23. Bf5 Rxh4 24. gxh4 Qxb3 25. Nd2
Qxc3 26. Ne4 Qxe1+ 27. Kg2 exf5 28. Ng3 Bc6+ 29. Kh3 Qxf2 30. Nxf5+ Qxf5# {
White checkmated } 0-1

[Event "ICC tourney 2394 (75 10)"]
[Site "Internet Chess Club"]
[Date "2021.02.21"]
[Round "5"]
[White "arjunsaravanan"]
[Black "amka03"]
[Result "0-1"]
[ICCResult "White checkmated"]
[WhiteElo "1188"]
[BlackElo "1023"]
[Opening "QGD: exchange, positional line, 5...c6"]
[ECO "D35"]
[NIC "EO.64"]
[Time "14:32:51"]
[PlyCount "116"]
[TimeControl "4500+10"]

1. c4 e6 2. Nc3 d5 3. cxd5 exd5 4. d4 Nf6 5. Bg5 c6 6. e3 Nbd7 7. Nf3 Bd6
8. e4 dxe4 9. Nxe4 Bb4+ 10. Nfd2 O-O 11. Bc4 Re8 12. O-O Bxd2 13. Nxd2 Nb6
14. Be3 Qd6 15. Be2 Bf5 16. Nc4 Nxc4 17. Bxc4 Ng4 18. g3 Rad8 19. h3 Nf6
20. Qb3 Be6 21. Bxe6 Qxe6 22. Qxe6 fxe6 23. d5 exd5 24. Bxa7 Re2 25. Bd4
Kf7 26. Rfe1 Rde8 27. Kf1 Rc2 28. Rxe8 Nxe8 29. b3 Nd6 30. Ke1 Ne4 31. Kd1
Rd2+ 32. Ke1 Rxd4 33. Ke2 Rd2+ 34. Ke3 Rxf2 35. Rd1 Rxa2 36. b4 Ra3+ 37.
Kf4 Rxg3 38. Re1 Rxh3 39. Rf1 Rh6 40. Ke5+ Rf6 41. Rxf6+ gxf6+ 42. Kd4 h5
43. b5 h4 44. bxc6 bxc6 45. Ke3 h3 46. Kf3 h2 47. Kg2 Ng3 48. Kxg3 h1=Q 49.
Kf2 Qh3 50. Ke2 f5 51. Ke1 Qg2 52. Kd1 Qf2 53. Kc1 Qe2 54. Kb1 Qd2 55. Ka1
f4 56. Kb1 f3 57. Ka1 f2 58. Kb1 f1=R# { White checkmated } 0-1

[Event "ICC tourney 2394 (75 10)"]
[Site "Internet Chess Club"]
[Date "2021.02.21"]
[Round "5"]
[White "SGOLD9367"]
[Black "pkcl"]
[Result "1-0"]
[ICCResult "Black checkmated"]
[WhiteElo "1173"]
[BlackElo "1284"]
[Opening "QGD: 4.Nf3"]
[ECO "D37"]
[NIC "QP.08"]
[Time "14:32:40"]
[PlyCount "99"]
[TimeControl "4500+10"]

1. d4 d5 2. c4 e6 3. Nf3 Nf6 4. Nc3 Nc6 5. Bg5 Be7 6. e3 O-O 7. a3 a5 8.
Qb3 Bd7 9. Bxf6 Bxf6 10. cxd5 exd5 11. Nxd5 b6 12. Bc4 Be7 13. Nxe7+ Qxe7
14. O-O Rad8 15. Rac1 Qf6 16. Bb5 Na7 17. Bxd7 Rxd7 18. Ne5 Re7 19. Rc2 Qd6
20. Rfc1 Rc8 21. Nc4 Qd7 22. Ne5 Qe6 23. Qxe6 fxe6 24. Nc6 Nxc6 25. Rxc6
Ree8 26. Rxc7 Rxc7 27. Rxc7 e5 28. d5 Rd8 29. e4 b5 30. b3 a4 31. b4 Rb8
32. f3 Kf8 33. Kf2 Rb6 34. g3 h6 35. f4 exf4 36. gxf4 g6 37. e5 Ke8 38. d6
Kd8 39. Rc5 Kd7 40. Kf3 h5 41. Ke4 h4 42. Kd5 h3 43. e6+ Kd8 44. e7+ Kd7
45. Rc7+ Ke8 46. Rc8+ Kf7 47. e8=Q+ Kf6 48. Qe6+ Kg7 49. Rg8+ Kh7 50. Qxg6#
{ Black checkmated } 1-0

[Event "ICC tourney 2394 (75 10)"]
[Site "Internet Chess Club"]
[Date "2021.02.21"]
[Round "5"]
[White "thihansa"]
[Black "SunnyDays0"]
[Result "0-1"]
[ICCResult "White checkmated"]
[WhiteElo "1268"]
[BlackElo "1220"]
[Opening "French: Tarrasch, open variation"]
[ECO "C07"]
[NIC "FR.18"]
[Time "14:32:45"]
[PlyCount "116"]
[TimeControl "4500+10"]

1. e4 e6 2. d4 d5 3. Nd2 c5 4. c3 Nc6 5. Ne2 Nf6 6. e5 Nd7 7. Nf3 Be7 8.
Ng3 O-O 9. Be2 a5 10. O-O c4 11. Bd2 b5 12. Qc2 b4 13. Rfe1 Nb6 14. a4 b3
15. Qc1 Bd7 16. Bg5 f6 17. exf6 Bxf6 18. Bxf6 Qxf6 19. Nh5 Qf5 20. Qg5 Qxg5
21. Nxg5 e5 22. dxe5 Nxe5 23. Nf3 Nxf3+ 24. Bxf3 Bxa4 25. Bxd5+ Nxd5 26.
Rxa4 Nb6 27. Ra3 Rae8 28. Kf1 Rxe1+ 29. Kxe1 a4 30. Ng3 Rd8 31. Ne4 Rd5 32.
Ra1 Kf7 33. Rd1 a3 34. bxa3 b2 35. Rb1 Na4 36. Nd2 Ke6 37. Nxc4 Nxc3 38.
Nd2 Nxb1 39. Nxb1 Rc5 40. Kd2 Rc1 41. a4 Rxb1 42. Kc2 Ra1 43. Kxb2 Rxa4 44.
Kc3 Ra2 45. g3 Rxf2 46. h4 Rg2 47. g4 Rxg4 48. h5 Kd5 49. h6 gxh6 50. Kb3
Rc4 51. Ka3 Kc5 52. Kb3 Kb5 53. Ka3 Rb4 54. Ka2 Kc4 55. Ka1 Kc3 56. Ka2
Ra4+ 57. Kb1 Ra3 58. Kc1 Ra1# { White checkmated } 0-1

[Event "ICC tourney 2394 (75 10)"]
[Site "Internet Chess Club"]
[Date "2021.02.21"]
[Round "5"]
[White "kitook"]
[Black "srikarl99"]
[Result "1-0"]
[ICCResult "Black checkmated"]
[WhiteElo "659"]
[BlackElo "749"]
[Opening "two knights defense: Fegatello attack"]
[ECO "C57"]
[NIC "KP.01"]
[Time "14:32:45"]
[PlyCount "123"]
[TimeControl "4500+10"]

1. e4 e5 2. Nf3 Nc6 3. Bc4 Nf6 4. Ng5 d5 5. exd5 Nxd5 6. Nxf7 Kxf7 7. Qf3+
Ke8 8. Bxd5 Qd7 9. Nc3 Nd4 10. Qe4 Qf5 11. Bxb7 Bxb7 12. Qxb7 Nxc2+ 13. Kf1
Rc8 14. Rb1 Kd8 15. Kg1 Bc5 16. Qd5+ Bd6 17. a3 Rf8 18. Ne4 Ke8 19. f3 Kd7
20. Nc5+ Ke8 21. Ne6 Rf7 22. d3 Re7 23. Nc5 Bxc5+ 24. Qxc5 Qxd3 25. Bg5 Re6
26. Qxa7 Qd4+ 27. Qxd4 Nxd4 28. b4 Rg6 29. h4 h6 30. Be3 Nxf3+ 31. Kf2 Nd4
32. a4 Nc2 33. Bd2 e4 34. h5 e3+ 35. Bxe3 Rf6+ 36. Ke2 Re6 37. Rh3 Nxe3 38.
Rxe3 Rxe3+ 39. Kxe3 Ra8 40. a5 Kd7 41. Kd4 Kc6 42. b5+ Kb7 43. Ra1 Rf8 44.
a6+ Kb6 45. a7 Kb7 46. Kd5 Ra8 47. Kc5 g5 48. hxg6 Rg8 49. g4 Ra8 50. Kd5
Kb6 51. Ke6 Kxb5 52. Kf7 c5 53. g7 c4 54. g8=Q Rxg8 55. Kxg8 c3 56. a8=Q
Kb4 57. Qb7+ Kc4 58. Ra4+ Kd3 59. Qd5+ Kc2 60. Ra2+ Kc1 61. Qg2 c2 62.
Qxc2# { Black checkmated } 1-0

[Event "ICC tourney 2394 (75 10)"]
[Site "Internet Chess Club"]
[Date "2021.02.21"]
[Round "5"]
[White "ruthvikal"]
[Black "BotanicalKnight"]
[Result "0-1"]
[ICCResult "White checkmated"]
[WhiteElo "397"]
[BlackElo "1386"]
[Opening "Caro-Kann: Steinitz variation"]
[ECO "B17"]
[NIC "CK.08"]
[Time "14:32:42"]
[PlyCount "138"]
[TimeControl "4500+10"]

1. e4 c6 2. d4 d5 3. Nc3 dxe4 4. Nxe4 Nd7 5. Nf3 Ngf6 6. Ng3 e6 7. Bg5 Be7
8. Bd3 Nd5 9. Bxe7 Qxe7 10. O-O Nf4 11. Be4 Nf6 12. Qd2 Nxe4 13. Nxe4 Ng6
14. Rfe1 O-O 15. c4 Qc7 16. Rac1 Qf4 17. Qxf4 Nxf4 18. Rcd1 b6 19. b3 Bb7
20. Nd6 Rab8 21. Re4 Ng6 22. Nxb7 Rxb7 23. Nh4 Nxh4 24. Rxh4 Rd7 25. Rh5
Rfd8 26. Rh4 c5 27. d5 exd5 28. cxd5 Rxd5 29. Rxd5 Rxd5 30. h3 Rd1+ 31. Kh2
Rd2 32. Re4 Kf8 33. Ra4 a5 34. Kg3 f5 35. f3 Ke7 36. Kf4 g6 37. g4 fxg4 38.
fxg4 Rd4+ 39. Rxd4 cxd4 40. Ke4 Kf6 41. Kxd4 Kg5 42. Ke5 h5 43. gxh5 gxh5
44. Ke4 Kh4 45. Kf4 Kxh3 46. Kg5 h4 47. Kf4 Kg2 48. Kg4 h3 49. Kf4 h2 50.
Ke4 h1=Q 51. Kd4 Qc1 52. a4 Kf2 53. Kd5 Ke2 54. Kd4 Kd2 55. Ke4 Kc2 56. Ke5
Kxb3 57. Ke6 Kxa4 58. Kd5 b5 59. Kd4 b4 60. Kd3 Kb5 61. Kd4 a4 62. Kd5 b3
63. Kd4 a3 64. Kd5 b2 65. Kd6 a2 66. Kd7 a1=Q 67. Ke6 b1=Q 68. Kf7 Qc7+ 69.
Ke6 Qe4# { White checkmated } 0-1